 Dungeon Crawl Stone Soup version 0.29.0 (webtiles) character file.

Game seed: 17822166347863690045

997 malesh the Insei (level 8, -2/76 HPs)
             Began as an Octopode Transmuter on Sept 10, 2022.
             Was a Follower of Elyvilon.
             Slain by Joseph
             ... wielding a +0 quarterstaff
              (13 damage)
             ... on level 7 of the Dungeon.
             The game lasted 00:21:50 (6764 turns).

malesh the Insei (Octopode Transmuter)              Turns: 6764, Time: 00:21:51

Health: -2/76      AC: 24    Str: 10    XL:     8   Next: 19%
Magic:  11/12      EV:  2    Int: 23    God:    Elyvilon [*.....]
Gold:   304        SH:  0    Dex: 12    Spells: 1/12 levels left

rFire   . . .      SeeInvis .     - Unarmed
rCold   . . .      Faith    .   (no shield)
rNeg    . . .      Spirit   .   (helmet currently unavailable)
rPois   +          Reflect  .   (no amulet)
rElec   .          Harm     .   r - +6 ring of intelligence
rCorr   .          Rampage  .   v - ring of wizardry
Will    .....      NoTele   +   (no ring)
Stlth   ++........              (no ring)
HPRegen 0.22/turn               (no ring)
MPRegen 0.13/turn               (no ring)
                                (no ring)
                                (no ring)

@: tree-form
A: stationary, stasis, torment immunity, boosted hp, almost no armour,
(amphibious), 8 rings, (camouflage 1), (gelatinous body 1), (nimble swimmer 1),
(tentacles)
a: Renounce Religion, Purification


You were on level 7 of the Dungeon.
You worshipped Elyvilon.
Elyvilon was aware of your devotion.
You were a tree.
You visited 2 branches of the dungeon, and saw 9 of its levels.

You collected 304 gold pieces.

Inventory:

Missiles
 t - 5 poisoned darts
Jewellery
 r - a +6 ring of intelligence (left branch)
 v - a ring of wizardry (right branch)
Wands
 p - a wand of flame (11)
Scrolls
 f - a scroll of summoning
 h - a scroll of enchant weapon {unknown}
 j - 3 scrolls of teleportation
 m - a scroll of vulnerability
 o - a scroll of amnesia
 q - 2 scrolls of poison
 s - 3 scrolls of fear {unknown}
 u - 2 scrolls of butterflies {unknown}
 w - a scroll of magic mapping
Potions
 a - a potion of lignification
 b - 2 potions of mutation
 c - 3 potions of brilliance
 d - a potion of haste {unknown}
 e - a potion of heal wounds {unknown}
 g - 4 potions of attraction
 i - a potion of cancellation {unknown}
 k - a potion of degeneration {unknown}
 l - a potion of ambrosia {unknown}
 n - a potion of berserk rage {unknown}


   Skills:
 + Level 2.6 Fighting
 + Level 3.5 Dodging
 + Level 4.2 Stealth
 * Level 5.4 Unarmed Combat
 - Level 2.9 Spellcasting
 * Level 4.6 Transmutations
 * Level 2.1 Ice Magic
 - Level 3.0 Poison Magic


You had one spell level left.
You knew the following spells:

 Your Spells              Type           Power      Damage    Failure   Level
a - Beastly Appendage     Tmut           48%        N/A       1%          1
b - Wereblood             Tmut           24%        N/A       1%          2
c - Spider Form           Tmut/Pois      20%        N/A       3%          3
d - Sting                 Tmut/Pois      80%        1d7       1%          1
e - Ice Form              Ice/Tmut       19%        N/A       12%         4

Your spell library contained the following spells:

 Spells                   Type           Power      Damage    Failure   Level
 Shock                    Conj/Air       12%        1d3       4%          1
 Poisonous Vapours        Pois/Air       20%        N/A       4%          2
 Swiftness                Air            3%         N/A       14%         3
 Olgreb's Toxic Radiance  Pois           17%        N/A       14%         4
 Airstrike                Air            1%         2d(1-17)  41%         4


Dungeon Overview and Level Annotations

Branches:
Dungeon (8/15)             Temple (1/1) D:4
   Lair: D:8-11

Altars:
Ashenzari
Cheibriados
Dithmenos
Elyvilon
Gozag
Hepliaklqana
Kikubaaqudgha
Makhleb
Nemelex Xobeh
Qazlal
Ru
Trog
Uskayaw
Vehumet
Wu Jian
Zin
The Shining One

Shops:
D:4 (

Annotations:
D:7 Joseph


Innate Abilities, Weirdness & Mutations

You are a tree.
Your roots penetrate the ground, keeping you stationary.
You cannot be teleported.
You are immune to unholy pain and torment.
Your maximum health is greatly increased.
You cannot wear most types of armour.
((You are amphibious.))
You can wear up to eight rings at the same time.
((Your skin changes colour to match your surroundings (Stealth+).))
((Your rubbery body absorbs attacks. (AC +1, EV +1)))
((You are camouflaged when in or above water. (Stealth+)))
((You have tentacles for arms and can constrict up to eight enemies at once.))


Message History

Joseph shoots a sling bullet.
The sling bullet completely misses you.
Joseph unwields a +0 sling.
Joseph wields a +0 quarterstaff.
Joseph hits you with a +0 quarterstaff!
You barely miss Joseph. You grab Joseph. You constrict Joseph.
Casting: Ice Form (quite dangerous; 12% risk of failure)
Confirm with . or Enter, or press ? or * to list all spells.
You don't know that spell.
Casting: Ice Form (quite dangerous; 12% risk of failure)
Confirm with . or Enter, or press ? or * to list all spells.
Okay, then.
You are too injured to fight recklessly!
Casting: Ice Form (quite dangerous; 12% risk of failure)
Confirm with . or Enter, or press ? or * to list all spells.
Okay, then.
Unknown command.
Casting: Ice Form (quite dangerous; 12% risk of failure)
Confirm with . or Enter, or press ? or * to list all spells.
You don't know that spell.
Casting: Ice Form (quite dangerous; 12% risk of failure)
Confirm with . or Enter, or press ? or * to list all spells.
One of your tentacles grows a vicious spike.
You constrict Joseph, but do no damage. Joseph hits you with a +0 quarterstaff!
* * * LOW HITPOINT WARNING * * *
You tentacle-slap Joseph.
You pierce Joseph, but do no damage.
You squeeze Joseph.
Joseph is lightly wounded.
You constrict Joseph. Joseph hits you with a +0 quarterstaff!
Elyvilon protects you from harm!
Really quaff the potion of lignification?
Your tentacle spike disappears.
You turn into a tree.
Your roots penetrate the ground.
You lose your grip on Joseph.
Joseph hits you with a +0 quarterstaff!
* * * LOW HITPOINT WARNING * * *
You hit Joseph but do no damage.
Joseph is lightly wounded.
Joseph completely misses you.
You smack Joseph!
Joseph is moderately wounded.
Joseph hits you with a +0 quarterstaff!
You die...

*##.......#*,**,*
*,,,,,,*
#.......#.#*,**,*
*,,***,*
#.#.##..#.#*,,,,*
*,,,**∩*
#.#.##..#.#******
*,*,**,* ##.#.....#.#
*,*,**,*
#........#.########
*,,,,,,*
###..#..#..#.##.....#
***,****
...........#.##.....#
*,*
.......#..#.#...♣...#
*****,**
....####..##.##..@..#
*,,,,,,*
###.#**#..#####.....#
*,***,,* #...,...#
####### *,***,,*
######.## *,*,,,,*
### #.# *,*,**,* ..#
*#.** *,*,**,* #.#
**,,,*** *,,,,,,* *.#
*,,,,,,* ***,****


You could see Joseph.

Vanquished Creatures
  Maggie (D:7)
  A hornet (D:4)
  A black bear (D:6)
  3 scorpions
  A hound (D:3)
  A jelly (D:7)
  An iguana (D:5)
  6 adders
  A shadow imp (D:7)
  An ufetubus (D:4)
  4 worms
  2 dart slugs
  12 orcs
  6 ball pythons
  4 bats
  2 endoplasms
  3 giant cockroaches
  9 goblins
  12 hobgoblins
  14 jackals
  2 kobolds
  4 quokkas
  A frilled lizard (D:2)
  2 rats (D:1)
94 creatures vanquished.

Notes
Turn   | Place    | Note
-------+----------+-------------------------------------------
     0 | D:1      | malesh the Octopode Transmuter began the quest for the Orb.
     0 | D:1      | Reached XP level 1. HP: 13/13 MP: 3/3
   383 | D:1      | Reached XP level 2. HP: 17/18 MP: 3/5
   389 | D:1      | Learned a level 2 spell: Wereblood
   899 | D:1      | Reached XP level 3. HP: 23/23 MP: 4/6
   937 | D:1      | Learned a level 3 spell: Spider Form
  2298 | D:2      | Reached skill level 1 in Stealth
  2298 | D:2      | Reached XP level 4. HP: 18/28 MP: 7/7
  2947 | D:3      | Reached skill level 4 in Unarmed Combat
  2947 | D:3      | Reached XP level 5. HP: 22/33 MP: 6/9
  3909 | D:3      | Found a faded altar of an unknown god.
  4296 | D:4      | Reached skill level 1 in Poison Magic
  4296 | D:4      | Reached XP level 6. HP: 24/38 MP: 8/10
  4496 | D:4      | Found a staircase to the Ecumenical Temple.
  4516 | Temple   | Entered the Ecumenical Temple
  4685 | Temple   | Learned a level 1 spell: Sting
  4708 | Temple   | Became a worshipper of Elyvilon the Healer
  4951 | D:4      | Noticed a hornet
  4967 | D:4      | Killed a hornet
  4968 | D:4      | Reached XP level 7. HP: 19/44 MP: 11/11
  5246 | D:4      | Found Kogga Ejadi's Antique Weapon Emporium.
  5297 | D:4      | Learned a level 4 spell: Ice Form
  5457 | D:5      | Entered Level 5 of the Dungeon
  5797 | D:5      | Reached * piety under Elyvilon
  5818 | D:5      | You fall into a shaft and drop 2 floors!
  6035 | D:6      | Reached skill level 5 in Unarmed Combat
  6035 | D:6      | Reached skill level 1 in Ice Magic
  6332 | D:7      | Noticed Maggie
  6344 | D:7      | Killed Maggie
  6345 | D:7      | Reached XP level 8. HP: 20/51 MP: 9/12
  6754 | D:7      | Noticed Joseph
  6761 | D:7      | Elyvilon protects you from harm!
  6764 | D:7      | Slain by Joseph

Illustrated notes

Levels and vault maps discovered:
D:1:      dpeg_arrival_round_a, layout_loops_ring, minmay_tiny_reverse_x
D:2:      layout_basic, serial_corexii_hall, chequers_hall_statues_y,
          corexii_hall_statues_i
D:3:      layout_loops_ring, basic_ecumenical_altar
D:4:      layout_loops_ring, minmay_temple_entry_arrows, serial_shops,
          kennysheep_mini
D:5:      layout_gridville
D:6:      layout_rooms, nicolae_shop_vocational
D:7:      layout_loops_cross, serial_shops, shop, uniq_joseph, uniq_maggie
D:8:      layout_basic, gammafunk_ghost_smash, minmay_chambers_of_fives,
          uniq_grum
Temple:   bh_familiar_temple

Skill      XL: |  1  2  3  4  5  6  7 |
---------------+----------------------+-----
Stealth        | 1 2 3 4 |  4.2
Unarmed Combat | 4 5 |  5.4
Transmutations | 3 4 |  4.6
Poison Magic   | 1 2 3 |  3.0
Fighting       | 2 |  2.6
Dodging        | 3 |  3.5
Ice Magic      | 2 |  2.1
Spellcasting   | |  2.9

Action                   |  1- 3 |  4- 6 |  7- 9 || total
-------------------------+-------+-------+-------++-------
Melee: Unarmed           |    81 |   105 |    52 ||   238
       Constrict         |    28 |    29 |     8 ||    65
       Tentacles         |    16 |    21 |    12 ||    49
       Kick              |    22 |    33 |    22 ||    77
       Punch             |     2 |     5 |     1 ||     8
 Cast: Beastly Appendage |    24 |    26 |    11 ||    61
       Wereblood         |     1 |     3 |       ||     4
       Sting             |       |       |     2 ||     2
       Spider Form       |       |       |     1 ||     1
       Ice Form          |       |       |     1 ||     1
  Use: Scroll            |       |     4 |     6 ||    10
       Potion            |       |       |     1 ||     1
 Stab: Sleeping          |     4 |     6 |     5 ||    15
       Distracted        |       |     1 |       ||     1
Armor: Skin              |     4 |     7 |     3 ||    14
Dodge: Dodged            |    43 |    72 |    60 ||   175
